 Dungeon Crawl Stone Soup version 0.19.5 (webtiles) character file.

27760077 Xiguana the Middleweight Champion (level 27, 224/224 HPs)
             Began as an Octopode Monk on June 22, 2018.
             Was the Champion of Cheibriados.
             Escaped with the Orb
             ... and 15 runes!
             The game lasted 04:13:57 (53798 turns).

Xiguana the Middleweight Champion (Octopode Monk)  Turns: 53798, Time: 04:13:58

Health: 224/224    AC:  5    Str: 38    XL:     27
Magic:  46/46      EV: 38    Int: 35    God:    Cheibriados [******]
Gold:   2480       SH: 25    Dex: 34    Spells: 13 memorised, 18 levels left

rFire  + + .     SeeInvis +       - Unarmed
rCold  + . .     Gourm    .     U - +5 shield {reflect}
rNeg   + + .     Faith    .     n - +2 hat {SInv}
rPois  .         Spirit   .     J - amulet "Fodaeguq" {Regen+ Stlth+}
rElec  .         Reflect  +     u - ring "Eclufas" {Wiz rF+}
rCorr  +         Harm     .     B - +2 ring of protection
MR     ++++.                    A - ring of Brilliance {MP-9 Str+3 Int+6 SInv Stlth-}
Stlth  ++++......               g - ring of Scepticism {rN+ MR+ Dex+3}
                                O - ring of resist corrosion
                                v - ring "Leocudo" {rF+ rN+}
                                o - ring of magical power (curse)
                                F - ring of Emoam {rC+ MR+ SInv}

@: deflect missiles, very slow
A: almost no armour, stealthy swim, amphibious, 8 rings, constrict 8, camouflage
1, see invisible, gelatinous body 1
a: Bend Time, Temporal Distortion, Slouch, Step From Time, Renounce Religion
0: Orb of Zot
}: 15/15 runes: barnacled, slimy, silver, golden, iron, obsidian, icy, bone,
abyssal, demonic, glowing, magical, fiery, dark, gossamer


You escaped.
You worshipped Cheibriados.
Cheibriados was exalted by your worship.
You were completely stuffed.

You visited 18 branches of the dungeon, and saw 90 of its levels.
You visited Pandemonium 3 times, and saw 33 of its levels.
You visited the Abyss 1 time.
You visited 1 bazaar.
You also visited: Labyrinth, Sewer, Bailey and Wizlab.

You collected 8770 gold pieces.
You spent 6290 gold pieces at shops.

Inventory:

Missiles
 M - 14 throwing nets (quivered)
Armour
 n - a +2 hat of see invisible (worn)
 U - a +5 shield of reflection (worn)
Jewellery
 g - the ring of Scepticism (on tentacle) {rN+ MR+ Dex+3}
   (You found it on level 3 of the Crypt)

   [ring of positive energy]

   It affects your dexterity (+3).
   It protects you from negative energy.
   It affects your resistance to hostile enchantments.
 o - a cursed ring of magical power (on tentacle)
 s - an uncursed ring of flight
 u - the ring "Eclufas" (left tentacle) {Wiz rF+}
   (You took it off a vault guard on level 5 of the Vaults)

   [ring of wizardry]

   It improves your spell success rate.
   It protects you from fire.
 v - the ring "Leocudo" (on tentacle) {rF+ rN+}
   (You found it on level 3 of the Crypt)

   [ring of positive energy]

   It protects you from fire.
   It protects you from negative energy.
 A - the ring of Brilliance (on tentacle) {MP-9 Str+3 Int+6 SInv Stlth-}
   (You acquired it on level 5 of the Vaults)

   [ring of see invisible]

   It affects your strength (+3).
   It affects your intelligence (+6).
   It affects your magic capacity (-9).
   It lets you see invisible.
   It makes you less stealthy.
 B - a +2 ring of protection (right tentacle)
 F - the ring of Emoam (on tentacle) {rC+ MR+ SInv}
   (You bought it in a shop on level 2 of the Orcish Mines)

   [ring of protection from magic]

   It protects you from cold.
   It affects your resistance to hostile enchantments.
   It lets you see invisible.
 J - the amulet "Fodaeguq" (around mantle) {Regen+ Stlth+}
   (You found it in Pandemonium)

   [amulet of regeneration]

   It increases your rate of regeneration.
   It makes you more stealthy.
 O - a ring of resist corrosion (on tentacle)
Wands
 c - a wand of disintegration (11/24)
 f - a wand of teleportation (7/9)
 y - a wand of acid (6/15)
 z - a wand of digging (13/24)
 G - a wand of heal wounds (6/9)
 Y - a wand of paralysis (20/24)
Scrolls
 b - 15 scrolls of identify
 d - 2 scrolls of magic mapping
 e - 12 scrolls of fog
 m - 35 scrolls of remove curse
 r - 8 scrolls of fear
 D - 3 scrolls of teleportation
 E - 9 scrolls of enchant armour
 K - 6 scrolls of recharging
 Q - 3 scrolls of holy word
 R - 6 scrolls of immolation
 S - 4 scrolls of blinking
 W - a scroll of summoning
Potions
 i - 3 potions of flight
 k - 9 potions of agility
 p - 17 potions of curing
 t - 4 potions of might
 w - 2 potions of invisibility
 x - 9 potions of resistance
 C - 9 potions of brilliance
 H - 9 potions of magic
 I - 6 potions of cancellation
 L - 9 potions of ambrosia
 P - 4 potions of cure mutation
 V - 7 potions of heal wounds
Miscellaneous
 a - 4 phantom mirrors
 h - a box of beasts
 l - a figurine of a ziggurat
 N - 7 sacks of spiders
 X - a disc of storms
 Z - a lamp of fire
Comestibles
 j - 33 meat rations
 q - 22 bread rations


   Skills:
 O Level 27 Fighting
 + Level 21.2 Dodging
 + Level 20.6 Stealth
 + Level 20.9 Shields
 O Level 27 Unarmed Combat
 + Level 19.8 Spellcasting
 + Level 14.6 Charms
 - Level 8.3 Summonings
 - Level 13.1 Necromancy
 + Level 18.4 Translocations
 - Level 14.6 Transmutations
 - Level 10.1 Air Magic
 - Level 14.8 Earth Magic
 - Level 14.3 Invocations
 - Level 7.3 Evocations


You had 18 spell levels left.
You knew the following spells:

 Your Spells              Type           Power        Failure   Level  Hunger
b - Aura of Abjuration    Summ           #######...   1%          5    None
d - Statue Form           Tmut/Erth      #######..    1%          6    None
e - Lesser Beckoning      Tloc           ########..   0%          3    None
f - Regeneration          Chrm/Necr      #######...   0%          3    None
h - Passage of Golubria   Tloc           N/A          0%          4    None
i - Lee's Rapid Deconstr  Erth           #######...   1%          5    None
k - Summon Lightning Spi  Summ/Air       #######.     1%          4    None
l - Deflect Missiles      Chrm/Air       #######...   1%          6    None
v - Summon Mana Viper     Hex/Summ       ######..     2%          5    None
E - Passwall              Tmut/Erth      #######...   0%          2    None
Q - Blink                 Tloc           N/A          0%          2    None
R - Apportation           Tloc           ########..   0%          1    None
W - Summon Butterflies    Summ           #######.     1%          1    None


Dungeon Overview and Level Annotations

Branches:
Dungeon (15/15)            Temple (1/1) D:4            Lair (6/6) D:11
 Shoals (4/4) Lair:4       Spider (4/4) Lair:3        Slime (5/5) Lair:5
    Orc (2/2) D:12            Elf (3/3) Orc:2        Vaults (5/5) D:13
  Crypt (3/3) Vaults:3       Tomb (3/3) Crypt:3      Depths (5/5) D:15
   Hell (1/1)                 Dis (7/7) Hell            Geh (7/7) Hell
    Coc (7/7) Hell            Tar (7/7) Hell            Zot (5/5) Depths:5

Altars:
Ashenzari
Cheibriados
Dithmenos
Elyvilon
Fedhas
Gozag
Hepliaklqana
Kikubaaqudgha
Makhleb
Nemelex Xobeh
Okawaru
Qazlal
Ru
Sif Muna
Trog
Uskayaw
Vehumet
Xom
Yredelemnul
Zin
The Shining One
Lugonu

Shops:
D:4 ![   D:10 *   D:12 :   D:13 ?   Orc:1 [   Orc:2 *!=:   Elf:1 %   Elf:3 [
Vaults:1 *   Vaults:4 =   Vaults:5 [   Depths:1 ![(?   Depths:4 (%(

Portals:
Hell: Depths:1 Depths:2 Depths:4 Depths:5
Pandemonium: Depths:3
Ziggurat: Depths:1

Annotations:
Lair:4 1 runed door


Innate Abilities, Weirdness & Mutations

You cannot wear most types of armour.
You are very stealthy in the water. (Stealth+)
You are amphibious.
You can wear up to eight rings at the same time.
You can use your tentacles to constrict eight enemies at once.
Your skin changes colour to match your surroundings (Stealth+).
Your rubbery body absorbs attacks. (AC +1, EV +1)
You have supernaturally acute eyesight. (SInv)


Message History

Unknown command!
(D) Dungeon (T) Temple (L) Lair (A) Shoals (N) Spider Nest (M) Slime Pits (O) Orcish Mines (E) Elven Halls (V) Vaults (C) Crypt (W) Tomb (U) Depths (H) Hell (I) Dis (G) Gehenna (X) Cocytus (Y) Tartarus (Z) Zot
Where to? (Enter - D:1, ? - help)
Your transformation is almost over!
You revert to your normal fleshy form!
There is a stone staircase leading up here!
You climb upwards!
There is a stone staircase leading down here!
Evoke which item? (* to show all) (? for menu, Esc to quit)
Zapping:
z - a wand of digging (14/24)
Press: ? - help, Shift-Dir - straight line The rock shatters into small pieces!
This wand has 13 charges left!
There is an open door here!
There is an open door here!
There is a staircase leading out of the dungeon here!
You have escaped!!!

[....# ##............##.#
.....## ##..###'#####..#.##
......###..#........##....#
......##..##..######.##...#
......##.##.##...#.##.##..#
......##.#.##.##'##.##.#..#
......##(#.#.##...##.#.#..#
......##.#...#.#'#.#.#.#..#
####'###.#.#.###@#.#.#.#..#
#.....#.#.#.###.#.#.#..#
####..###.##...##.#(#..#
#..#.##.#####.##.#..#
#..##.##.....##.##..#
#...##.#######.##...#
#....##.......##....#
####..#########....##
##.............##


There were no monsters in sight!

Vanquished Creatures
  Cerebov (Pan)
  Antaeus (Coc:7)
  Asmodeus (Geh:7)
  the Royal Jelly (Slime:5)
  Gloorx Vloq (Pan)
  A seraph (Pan)
  the Serpent of Hell (Geh:7)
  Lom Lobon (Pan)
  Mnoleg (Pan)
  2 orbs of fire (Zot:5)
  Dispater (Dis:7)
  8 ancient liches
  Mennas (Crypt:2)
  28 greater mummies
  Bai Suzhen (Spider:3)
  Frederick (Vaults:4)
  8 shard shrikes
  Saint Roka (Crypt:1)
  4 Killer Klowns (Zot:5)
  Geryon (Hell)
  A profane servitor (Abyss:4)
  7 golden dragons
  Arachne (Spider:3)
  17 Tzitzimimeh
  11 bone dragons
  4 doom hounds
  23 Brimstone Fiends
  6 iron giants
  Jorgrun (Vaults:1)
  12 Ice Fiends
  8 pandemonium lords
  7 tentacled monstrosities
  3 electric golems (Zot:5)
  15 Hell Sentinels
  26 Orb Guardians
  2 quicksilver dragons (Zot:5)
  2 deep elf master archers (Elf:3)
  8 titans
  9 liches
  15 acid blobs
  3 death cobs (Zot:5)
  6 eldritch tentacles
  12 tentacled starspawn
  26 Executioners
  2 deep elf blademasters (Elf:3)
  13 ancient champions
  10 sphinxes
  10 tengu reavers
  9 shadow dragons
  12 storm dragons
  11 daevas
  Roxanne (Elf:2)
  Donald (Vaults:1)
  8 azure jellies
  4 revenants
  13 fire giants
  10 frost giants
  5 deep elf sorcerers
  Aizul (Vaults:1)
  3 emperor scorpions
  6 ghost moths
  21 vault wardens
  27 cacodemons
  An orc warlord (Bailey)
  A draconian knight (Zot:5)
  A caustic shrike zombie (Depths:3)
  2 draconian zealots (Zot:5)
  47 balrugs
  2 draconian shifters
  6 deep elf elementalists
  6 curse skulls
  16 ironheart preservers
  9 iron dragons
  7 angels (Pan)
  6 warmongers (Pan)
  4 ghouls
  5 draconian annihilators
  51 reapers
  10 ophanim
  25 very ugly things
  2 draconian callers (Zot:5)
  8 deep elf demonologists
  19 stone giants
  5 entropy weavers
  A juggernaut skeleton (Crypt:1)
  9 vampire knights
  6 blood saints (Pan)
  The ghost of Xiguana the Grappler, a journeyman VSGl of Makhleb (Spider:3)
  26 war gargoyles
  11 corrupters (Pan)
  2 black draconians
  Nessos (D:13)
  3 green draconians
  13 lorocyprocas
  Azrael (D:15)
  4 white draconians
  13 deep elf annihilators
  7 black suns (Pan)
  2 bennus
  2 mottled draconians
  3 red draconians
  3 purple draconians
  2 yellow draconians
  Snorg (Orc:1)
  5 apis (Pan)
  7 eidola
  5 spark wasps
  A merfolk javelineer (Shoals:4)
  16 blizzard demons
  14 green deaths (Pan)
  25 mummy priests
  2 crystal guardians (Depths:2)
  A minotaur (Lab)
  10 merfolk impalers
  4 quicksilver dragon zombies
  9 deep elf death magi
  11 jiangshi
  15 ettins
  15 great orbs of eyes
  3 fire dragons
  8 death oozes (Slime:5)
  5 deep elf high priests
  Josephine (D:13)
  15 yaktaur captains
  Erolcha (Orc:1)
  2 spriggan air magi
  20 ice dragons
  Fannar (Orc:1)
  41 vault guards
  A naga warrior (Abyss:4)
  5 quicksilver dragon skeletons
  3 merfolk avatars
  12 monstrous demonspawn (Pan)
  5 rakshasas
  3 catoblepae (Lair:6)
  6 hydras
  2 ghost crabs
  4 death knights
  11 centaur warriors
  2 alligator snapping turtles (Shoals:4)
  12 ogre magi
  7 deep troll shamans
  4 tengu warriors
  46 death scarabs
  16 death yaks (Lair:6)
  37 dancing weapons
  13 deep troll earth magi
  3 merfolk aquamancers
  A spriggan berserker (Depths:5)
  7 vampire magi
  35 hell hogs
  3 satyrs
  The ghost of Xiguana the Grappler, a journeyman VSGl of Makhleb (D:13)
  5 orc high priests
  4 titan zombies
  9 iron golems
  7 thrashing horrors
  85 sun demons
  A shock serpent (Depths:2)
  3 storm dragon zombies
  20 soul eaters
  A shock serpent (shapeshifter) (Abyss:4)
  8 wretched stars
  25 deep elf knights
  38 hell knights
  15 shadow wraiths
  5 titan skeletons
  109 skeletal warriors
  3 glowing orange brains
  15 iron trolls
  A spatial maelstrom (Abyss:4)
  A ghost moth zombie (Dis:1)
  67 large abominations
  25 sixfirhies
  11 cherubim (Pan)
  2 death drakes (Abyss:4)
  6 storm dragon skeletons
  A deep troll (shapeshifter) (Abyss:4)
  6 sea snakes
  A spectral emperor scorpion (Spider:4)
  3 shadow dragon zombies
  12 torturous demonspawn
  3 unseen horrors
  8 infernal demonspawn
  30 shadow demons
  A glowing orange brain (shapeshifter) (Depths:5)
  A spark wasp zombie (Crypt:1)
  23 flayed ghosts
  6 golden dragon zombies
  27 deep trolls
  88 starcursed masses
  A hill giant (shapeshifter) (Vaults:3)
  8 anaconda zombies
  10 gelid demonspawn
  A harpy (shapeshifter) (D:15)
  A lindwurm (shapeshifter) (Vaults:5)
  A lindwurm (Lair:6)
  24 phantasmal warriors
  3 golden dragon skeletons
  2 kraken simulacra (Coc:7)
  15 necromancers
  11 deep elf archers
  9 hill giants
  51 deep elf magi
  8 anaconda skeletons
  16 ironbrand convokers
  2 wizards
  33 orc knights
  4 spectral wolf spiders (Spider:4)
  45 ugly things
  32 harpies
  3 human zombies
  14 orb spiders
  8 wolf spider zombies
  6 iron dragon zombies
  10 cyclopes
  The ghost of Xiguana the Skirmisher, a novice OpMo (D:5)
  A manticore (shapeshifter) (Vaults:3)
  18 fauns
  2 tengu skeletons
  10 orc sorcerers
  23 wolf spiders
  7 frost giant zombies
  3 shining eyes
  7 shadow dragon skeletons
  A cyclops (shapeshifter) (Depths:2)
  3 iron dragon skeletons
  2 frost giant skeletons
  4 worldbinders (Abyss:4)
  13 manticores
  A shining eye (shapeshifter) (Depths:2)
  A human skeleton (Vaults:1)
  13 elephants
  2 naga magi
  5 fire giant zombies
  An elephant (shapeshifter) (Depths:2)
  15 moths of wrath
  3 salamanders (Geh:7)
  2 guardian serpents (Abyss:4)
  3 black mambas
  Joseph (D:9)
  2 ice statues
  7 sirens
  7 stone giant skeletons
  5 stone giant zombies
  4 water nymphs
  5 dire elephant zombies
  41 rust devils
  8 fire giant skeletons
  10 molten gargoyles
  4 centaur zombies
  43 smoke demons
  12 spiny frogs
  5 gargoyles
  14 vault sentinels
  35 orange demons
  2 shock serpent zombies
  An eye of devastation (Pan)
  23 hellions
  A green draconian zombie (Geh:5)
  A spectral redback (Spider:4)
  A spriggan skeleton (Depths:3)
  8 komodo dragons
  11 efreet
  4 dire elephant skeletons
  A komodo dragon (shapeshifter) (Vaults:5)
  31 demonic crawlers
  A rime drake (Lair:4)
  A kobold demonologist (D:11)
  53 yaktaurs
  12 ancient zymes
  An emperor scorpion zombie (Dis:1)
  31 freezing wraiths
  4 redback zombies (Spider:4)
  37 tormentors
  24 hellwings
  29 ice devils
  A green draconian skeleton (Crypt:1)
  31 red devils
  A yellow draconian skeleton (Crypt:2)
  6 hydra zombies
  2 anaconda simulacra (Coc:7)
  39 jumping spiders
  40 guardian mummies
  3 silent spectres
  A wind drake (shapeshifter) (D:15)
  A meliai (shapeshifter) (Vaults:2)
  3 meliai (Spider:3)
  2 harpy zombies
  A polar bear (Lair:2)
  33 merfolk
  A two-headed ogre (shapeshifter) (Vaults:5)
  9 wind drakes
  A spectral jumping spider (Spider:4)
  A sphinx simulacrum (Vaults:3)
  A hornet (shapeshifter) (D:14)
  16 hornets
  10 trolls
  A merfolk (shapeshifter) (Vaults:5)
  3 spectral tarantellas (Spider:4)
  A tengu conjurer (D:15)
  3 harpy skeletons
  10 alligator zombies
  A fire dragon zombie (Geh:6)
  11 snapping turtles
  7 hydra skeletons
  30 raiju
  A tarantella zombie (Spider:4)
  25 two-headed ogres
  An iron dragon simulacrum (Hell)
  59 slime creatures
  4 ettin zombies
  2 stone giant simulacra
  8 dream sheep (Shoals:3)
  A frost giant simulacrum (Depths:3)
  12 hippogriffs
  8 ice dragon zombies
  8 bog bodies (Coc:7)
  3 fire giant simulacra
  A jumping spider zombie (Spider:4)
  5 blink frogs (Lair:2)
  29 wraiths
  59 redbacks
  87 flying skulls
  6 air elementals
  5 ettin skeletons
  An alligator skeleton (Hell)
  6 wyverns
  15 fire dragon skeletons
  20 shadows
  2 spriggans (Depths:5)
  6 hill giant zombies (WizLab)
  3 ice dragon skeletons
  10 vampires
  41 ynoxinuls
  49 yaks
  40 tarantellas
  17 water elementals
  A wyvern (shapeshifter) (Abyss:4)
  7 basilisks
  17 ushabtiu
  22 fire elementals
  A black mamba skeleton (Hell)
  20 golden eyes
  31 neqoxecs
  A steam dragon (shapeshifter) (Depths:2)
  23 chaos spawn
  6 hungry ghosts
  6 vampire mosquitoes (D:13)
  3 spatial vortices (Abyss:4)
  A deep troll zombie (Vaults:1)
  2 yaktaur simulacra
  10 insubstantial wisps
  A soldier ant (D:14)
  5 swamp worms (Spider:4)
  A naga (shapeshifter) (Vaults:1)
  An infernal demonspawn zombie (Dis:7)
  A swamp worm (shapeshifter) (Depths:2)
  A mottled dragon (Vaults:2)
  A merfolk zombie (Geh:7)
  A torturous demonspawn zombie (Crypt:1)
  14 wargs
  8 nagas (Abyss:4)
  9 water moccasins
  2 wargs (shapeshifter)
  2 hydra simulacra
  4 floating eyes
  90 hell hounds
  4 spiny frog zombies
  72 orc warriors
  19 small abominations
  2 spectral hornets (Spider:4)
  A swamp drake (shapeshifter) (Vaults:4)
  7 porcupines
  2 hornet zombies (Spider:4)
  A sky beast (shapeshifter) (Depths:2)
  2 snapping turtle zombies
  11 ice beasts
  4 spiny frog skeletons
  A fire dragon simulacrum (Coc:4)
  2 swamp dragon zombies
  3 manticore zombies
  3 sky beasts
  A swamp drake (D:12)
  11 necrophages
  An alligator simulacrum (Coc:3)
  5 phantoms
  4 eyes of draining
  An orc skeleton (Vaults:1)
  9 boggarts
  49 ogres
  6 snapping turtle skeletons
  10 crocodiles
  An elephant zombie (Crypt:1)
  25 centaurs
  4 swamp dragon skeletons
  A big kobold (D:12)
  2 manticore skeletons
  20 bullfrogs
  2 elf zombies
  2 earth elementals
  3 elf skeletons
  A merfolk simulacrum (Hell)
  A water moccasin zombie (D:9)
  2 wyvern zombies
  A spiny frog simulacrum (Coc:4)
  A water moccasin skeleton (Crypt:1)
  3 wyvern skeletons
  5 scorpions
  18 killer bees
  A warg skeleton (Crypt:2)
  8 troll zombies (WizLab)
  A manticore simulacrum (Coc:7)
  55 wights
  A howler monkey (D:10)
  A troll skeleton (Pan)
  2 electric eels
  A howler monkey (shapeshifter) (Depths:2)
  10 crimson imps
  A human simulacrum (Vaults:4)
  5 quasits
  2 bullfrog zombies
  24 orc priests
  35 orc wizards
  9 hounds
  2 bullfrog skeletons
  3 jellies
  9 centaur skeletons
  31 iron imps
  Ijyb (D:2)
  Terence (D:3)
  5 iguanas
  13 worker ants
  4 hell rats (Lair:4)
  5 ogre zombies
  An ogre skeleton (Geh:7)
  A hound zombie (D:5)
  54 mummies
  2 howler monkey zombies
  10 gnolls (Bailey)
  3 howler monkey skeletons
  A steam dragon zombie (Crypt:2)
  16 adders
  16 shadow imps
  10 white imps
  4 oozes
  2 adder zombies
  16 worms
  2 dart slugs
  7 leopard geckos
  153 orcs
  12 bats
  6 giant cockroaches
  24 goblins
  21 hobgoblins
  9 jackals
  4 quokkas
  2 frilled lizards (D:1)
  A jackal zombie (Crypt:2)
  14 kobolds
  A kobold zombie (Dis:4)
  A leopard gecko skeleton (D:5)
  8 rats
  A butterfly (Lair:2)
  4 crawling corpses
  3 plants
  7 starspawn tentacles
  3 tentacles (Coc:7)
  A withered plant (Crypt:3)
4961 creatures vanquished.

Vanquished Creatures (collateral kills)
  A deep elf demonologist (Elf:3)
  A worldbinder (Abyss:4)
  A smoke demon (Pan)
  5 red devils
  A ynoxinul (Pan)
  2 neqoxecs
11 creatures vanquished.

Vanquished Creatures (others)
  A lich (Tomb:2)
  A deep elf master archer (Depths:2)
  2 eldritch tentacles
  2 elemental wellsprings
  A lorocyproca (Pan)
  A merfolk impaler (Shoals:4)
  3 yaktaur captains
  A monstrous demonspawn (Pan)
  18 death scarabs (Tomb:2)
  A titan skeleton (Geh:3)
  A storm dragon skeleton (Tomb:2)
  An anaconda zombie (Coc:7)
  3 deep elf archers
  An iron dragon skeleton (Tomb:2)
  A vault sentinel (Vaults:5)
  A molten gargoyle (Geh:7)
  10 yaktaurs
  A guardian mummy (Tomb:3)
  2 red devils (Abyss:3)
  A jumping spider (Spider:4)
  A shadow (Geh:4)
  13 flying skulls
  A ynoxinul (Pan)
  A wraith (Geh:7)
  A golden eye (Pan)
  A necrophage (Geh:3)
  4 centaurs
  A small abomination (Abyss:4)
  An elf skeleton (Tomb:2)
  A troll zombie (Geh:5)
  A spriggan skeleton (Geh:7)
  2 wights
  A crimson imp (Pan)
  2 starcursed masses (Abyss:4)
  A hound (D:13)
  4 iron imps (Dis:7)
  2 orc priests (Orc:2)
  A centaur skeleton (Hell)
  2 orc wizards (Orc:2)
  4 mummies (Tomb:2)
  3 ball lightnings (Pan)
  4 orcs
  An orc skeleton (Geh:5)
  19 fungi
  A lurking horror (Abyss:4)
  47 plants
  18 starspawn tentacles
  7 tentacles (Coc:7)
  8 toadstools (Lair:4)
  24 withered plants (Crypt:3)
230 creatures vanquished.

Grand Total: 5202 creatures vanquished

Notes
Turn   | Place    | Note
-------+----------+-------------------------------------------
     0 | D:1      | Xiguana the Octopode Monk began the quest for the Orb.
     0 | D:1      | Reached XP level 1. HP: 16/16 MP: 1/1
   208 | D:1      | Reached XP level 2. HP: 12/21 MP: 2/2
   520 | D:1      | Reached XP level 3. HP: 25/26 MP: 3/3
   677 | D:2      | Noticed Ijyb
   696 | D:2      | Killed Ijyb
   755 | D:2      | Reached XP level 4. HP: 31/31 MP: 4/4
  1303 | D:3      | Reached XP level 5. HP: 19/37 MP: 5/5
  1795 | D:3      | Noticed Terence
  1809 | D:3      | Killed Terence
  1864 | D:3      | Found a sparkling altar of Nemelex Xobeh.
  1952 | D:3      | Found a hazy altar of Hepliaklqana.
  2062 | D:4      | Found a staircase to the Ecumenical Temple.
  2071 | Temple   | Entered the Ecumenical Temple
  2165 | Temple   | Became a worshipper of Cheibriados the Contemplative
  2165 | Temple   | Reached * piety under Cheibriados
  2165 | Temple   | Reached ** piety under Cheibriados
  2326 | D:4      | Found a shadowy altar of Dithmenos.
  2326 | D:4      | Found a sacrificial altar of Ru.
  2327 | D:4      | Found a glowing golden altar of the Shining One.
  2333 | D:4      | Noticed an ogre
  2345 | D:4      | Killed an ogre
  2345 | D:4      | Reached XP level 6. HP: 44/44 MP: 6/6
  2417 | D:4      | Found Lysywirr's Distillery.
  2422 | D:4      | Bought a potion of lignification for 39 gold pieces
  2422 | D:4      | Bought a potion of curing for 39 gold pieces
  2422 | D:4      | Bought a potion of heal wounds for 65 gold pieces
  2422 | D:4      | Bought a potion of agility for 52 gold pieces
  2422 | D:4      | Bought a potion of degeneration for 13 gold pieces
  2449 | D:4      | Reached skill level 1 in Invocations
  2533 | D:4      | Found a shimmering altar of Xom.
  2606 | D:4      | Found Bivarroere's Antique Armour Shoppe.
  2744 | D:5      | Entered Level 5 of the Dungeon
  2791 | D:5      | Found a glowing drain.
  2799 | Sewer    | Entered a sewer
  2841 | Sewer    | Reached skill level 5 in Stealth
  2841 | Sewer    | Reached skill level 5 in Unarmed Combat
  2841 | Sewer    | Reached XP level 7. HP: 14/49 MP: 2/8
  2854 | Sewer    | Identified the Guide on Orientation and Flames
  2864 | Sewer    | Learned a level 3 spell: Lesser Beckoning
  2923 | D:5      | Found a radiant altar of Vehumet.
  2998 | D:5      | Reached skill level 5 in Fighting
  3056 | D:5      | Noticed Xiguana's ghost (novice OpMo)
  3279 | D:5      | Reached *** piety under Cheibriados
  3332 | D:5      | Killed Xiguana's ghost
  3332 | D:5      | Reached XP level 8. HP: 28/57 MP: 5/9
  3495 | D:6      | Found a white marble altar of Elyvilon.
  3740 | D:6      | Learned a level 3 spell: Regeneration
  4133 | D:7      | Noticed a hippogriff
  4141 | D:7      | Killed a hippogriff
  4141 | D:7      | Reached skill level 5 in Dodging
  4186 | D:7      | Reached XP level 9. HP: 31/63 MP: 9/11
  4597 | D:7      | Reached **** piety under Cheibriados
  5377 | D:9      | Noticed a troll
  5386 | D:9      | Killed a troll
  5420 | D:9      | Noticed a troll
  5505 | D:9      | Killed a troll
  5593 | D:9      | Noticed Joseph
  5620 | D:9      | Reached XP level 10. HP: 10/72 MP: 5/13
  5620 | D:9      | Reached ***** piety under Cheibriados
  5712 | D:9      | Reached skill level 5 in Invocations
  5835 | D:9      | Reached skill level 1 in Evocations
  6181 | D:9      | Killed Joseph
  6322 | D:10     | Entered Level 10 of the Dungeon
  6322 | D:10     | Found Hajydais's Assorted Antiques.
  6331 | D:10     | Killed an unseen horror
  6331 | D:10     | Reached XP level 11. HP: 80/80 MP: 8/15
  6340 | D:10     | Bought a scroll of teleportation for 78 gold pieces
  6340 | D:10     | Bought a murky cyan potion for 23 gold pieces
  6340 | D:10     | Bought a potion of lignification for 78 gold pieces
  6347 | D:10     | Noticed a hill giant
  6363 | D:10     | Noticed a hill giant
  6368 | D:10     | Killed a hill giant
  6411 | D:10     | Killed a hill giant
  6841 | D:11     | Reached skill level 10 in Unarmed Combat
  6849 | D:11     | Found a staircase to the Lair.
  6932 | D:11     | Noticed a cyclops
  6939 | D:11     | Killed a cyclops
  6948 | D:11     | Reached skill level 10 in Stealth
  7623 | D:11     | Noticed a tengu warrior
  7631 | D:11     | Killed a tengu warrior
  7631 | D:11     | Reached skill level 10 in Fighting
  7787 | Lair:1   | Entered Level 1 of the Lair of Beasts
  7798 | Lair:1   | Got a smoking jade amulet
  8274 | Lair:1   | Identified the amulet "Uzxujeq" {Harm *Drain Int+2} (You found it on level 1 of the Lair of Beasts)
  8290 | Lair:1   | Reached XP level 12. HP: 87/87 MP: 3/17
  8571 | Lair:2   | Reached skill level 5 in Evocations
  9319 | Lair:3   | Reached skill level 1 in Shields
  9331 | Lair:3   | Found a hole to the Spider Nest.
  9368 | Lair:3   | Noticed an ice dragon
  9439 | Lair:2   | Reached ****** piety under Cheibriados
  9673 | Lair:3   | Killed an ice dragon
 10173 | Lair:4   | Found a runed door.
 10229 | Lair:4   | Reached XP level 13. HP: 55/95 MP: 13/19
 10383 | Lair:4   | Found a staircase to the Shoals.
 11334 | Lair:5   | Found a staircase to the Slime Pits.
 11668 | Lair:6   | Entered Level 6 of the Lair of Beasts
 12571 | Lair:6   | Reached XP level 14. HP: 79/104 MP: 18/20
 13034 | Lair:6   | Reached skill level 5 in Shields
 13311 | D:12     | Found a flagged portal.
 13324 | Bailey   | Entered a bailey
 13579 | Bailey   | Noticed an orc warlord
 13595 | Bailey   | Killed an orc warlord
 13864 | D:12     | Found a corrupted altar of Lugonu.
 13954 | D:12     | Found Liodylug's Book Boutique.
 13962 | D:12     | Bought a book of Transfigurations for 715 gold pieces
 13969 | D:12     | Learned a level 6 spell: Statue Form
 13969 | D:12     | Bought a book of Minor Magic for 260 gold pieces
 14060 | D:12     | Reached skill level 1 in Earth Magic
 14139 | D:12     | Found a staircase to the Orcish Mines.
 14155 | D:12     | HP: 3/106 [enormous slime creature (43)]
 14334 | D:12     | Reached skill level 1 in Transmutations
 14354 | D:12     | Reached skill level 1 in Spellcasting
 14444 | Orc:1    | Entered Level 1 of the Orcish Mines
 14504 | Orc:1    | Learned a level 2 spell: Blink
 14562 | Orc:1    | Noticed Snorg
 14574 | Orc:1    | Killed Snorg
 14607 | Orc:1    | Found Imediona's Armour Emporium.
 14607 | Orc:1    | Noticed Erolcha
 14618 | Orc:1    | Killed Erolcha
 14628 | Orc:1    | Noticed Fannar
 14636 | Orc:1    | Killed Fannar
 14636 | Orc:1    | Reached XP level 15. HP: 74/110 MP: 11/22
 14802 | Orc:2    | Entered Level 2 of the Orcish Mines
 14880 | Orc:2    | Found a staircase to the Elven Halls.
 15200 | Orc:2    | Paralysed by an orc sorcerer for 7 turns
 15400 | Orc:2    | Reached skill level 5 in Earth Magic
 15485 | Orc:2    | Found Emnuewk's Book Shop.
 15485 | Orc:2    | Found Vumnifuo's Jewellery Emporium.
 15487 | Orc:2    | Found Ocianki's Distillery.
 15487 | Orc:2    | Found Nuten's Assorted Antiques.
 15490 | Orc:2    | Paralysed by an orc sorcerer for 5 turns
 15496 | Orc:2    | Reached skill level 5 in Transmutations
 15505 | Orc:2    | Bought a scroll of identify for 68 gold pieces
 15505 | Orc:2    | Bought a potion of heal wounds for 170 gold pieces
 15505 | Orc:2    | Bought a scroll of identify for 68 gold pieces
 15505 | Orc:2    | Bought a grey potion for 30 gold pieces
 15505 | Orc:2    | Bought a murky cyan potion for 30 gold pieces
 15505 | Orc:2    | Bought a grey potion for 30 gold pieces
 15512 | Orc:2    | Bought a potion of might for 56 gold pieces
 15512 | Orc:2    | Bought a potion of might for 56 gold pieces
 15512 | Orc:2    | Bought a potion of magic for 112 gold pieces
 15789 | Spider:1 | Entered Level 1 of the Spider Nest
 15948 | Spider:1 | Learned a level 2 spell: Repel Missiles
 16384 | Spider:1 | Paralysed by a hornet for 2 turns
 16642 | Spider:2 | Reached skill level 5 in Spellcasting
 16815 | Spider:2 | Reached XP level 16. HP: 86/117 MP: 23/23
 16909 | Spider:2 | HP: 4/117 [something (9)]
 17228 | Spider:3 | Noticed Xiguana's ghost (journeyman VSGl)
 17238 | Spider:3 | Killed Xiguana's ghost
 17505 | Spider:3 | Noticed Arachne
 17511 | Spider:3 | Killed Arachne
 17592 | Spider:3 | Noticed Bai Suzhen
 17604 | Spider:3 | Killed Bai Suzhen
 18001 | Spider:4 | Entered Level 4 of the Spider Nest
 18093 | Spider:4 | Reached skill level 10 in Earth Magic
 18562 | Spider:4 | Reached skill level 10 in Transmutations
 18790 | Spider:4 | Reached XP level 17. HP: 122/122 MP: 27/27
 18998 | Spider:4 | Got a gossamer rune of Zot
 19255 | Shoals:1 | Entered Level 1 of the Shoals
 20427 | Shoals:3 | Learned a level 4 spell: Summon Lightning Spire
 20433 | Shoals:3 | Gained mutation: You are resistant to hostile enchantments. (MR+) [potion of beneficial mutation]
 20434 | Shoals:3 | Gained mutation: Your flesh is cold resistant. (rC+) [potion of beneficial mutation]
 20774 | Shoals:3 | Reached XP level 18. HP: 128/128 MP: 30/30
 20983 | Shoals:4 | Entered Level 4 of the Shoals
 21251 | Shoals:4 | Reached skill level 10 in Dodging
 21351 | Shoals:4 | Got a barnacled rune of Zot
 21653 | Shoals:4 | Reached skill level 10 in Invocations
 22026 | Orc:2    | Bought the ring of Emoam {rC+ MR+ SInv} for 604 gold pieces
 22073 | Elf:1    | Entered Level 1 of the Elven Halls
 22418 | Elf:1    | Found an ancient bone altar of Kikubaaqudgha.
 22539 | Elf:1    | Found Zucveh's Food Emporium.
 22787 | Elf:1    | Reached XP level 19. HP: 135/135 MP: 32/32
 23053 | Elf:2    | Noticed Roxanne
 23067 | Elf:2    | Killed Roxanne
 23256 | Elf:2    | Found a huge runed gate.
 23258 | Elf:2    | Found a huge runed gate.
 23260 | Elf:2    | Found a huge runed gate.
 23260 | Elf:2    | Found a huge runed gate.
 23260 | Elf:2    | Found a huge runed gate.
 23958 | Elf:3    | Entered Level 3 of the Elven Halls
 24252 | Elf:3    | Found Kig Asua's Armour Shop.
 24632 | Elf:3    | Noticed a Hell Sentinel
 24653 | Elf:3    | Noticed a Tzitzimitl
 24653 | Elf:3    | Reached skill level 15 in Unarmed Combat
 24872 | Elf:3    | Noticed an Ice Fiend
 24872 | Elf:3    | Reached XP level 20. HP: 144/144 MP: 33/33
 24990 | Elf:3    | Identified the Incunabulum of Creative Transmutation
 24994 | Elf:3    | Learned a level 1 spell: Summon Butterflies
 25300 | D:13     | Noticed Josephine
 25306 | D:13     | Killed Josephine
 25324 | D:13     | Reached skill level 10 in Spellcasting
 25337 | D:13     | Noticed Nessos
 25344 | D:13     | Killed Nessos
 25504 | D:13     | Noticed Xiguana's ghost (journeyman VSGl)
 25514 | D:13     | Killed Xiguana's ghost
 25587 | D:13     | Learned a level 1 spell: Apportation
 25594 | D:13     | Learned a level 2 spell: Passwall
 25600 | D:13     | Learned a level 5 spell: Lee's Rapid Deconstruction
 25678 | D:13     | Found Xeus's Magic Scroll Shoppe.
 25693 | D:13     | Bought a scroll of identify for 32 gold pieces
 25693 | D:13     | Bought a scroll of acquirement for 832 gold pieces
 25693 | D:13     | Bought a scroll of fear for 56 gold pieces
 25693 | D:13     | Bought a scroll of fog for 32 gold pieces
 25773 | D:13     | Found a gate to the Vaults.
 25941 | Vaults:1 | Entered Level 1 of the Vaults
 26102 | Vaults:1 | Found a magical portal.
 26143 | WizLab   | Entered Zonguldrok's Shrine
 26243 | WizLab   | Reached skill level 15 in Fighting
 26305 | WizLab   | Noticed an antique lich
 26313 | WizLab   | Killed an antique lich
 26530 | Vaults:1 | Noticed Jorgrun
 26534 | Vaults:1 | Killed Jorgrun
 26757 | Vaults:1 | Noticed Donald
 26765 | Vaults:1 | Killed Donald
 26972 | Vaults:1 | Noticed Aizul
 26979 | Vaults:1 | Killed Aizul
 26988 | Vaults:1 | Reached XP level 21. HP: 118/151 MP: 35/35
 27175 | Vaults:1 | Found Lirchuxi's General Store.
 27198 | Vaults:1 | Bought a potion of agility for 52 gold pieces
 27198 | Vaults:1 | Bought a scroll of identify for 26 gold pieces
 29175 | Vaults:3 | Reached XP level 22. HP: 160/160 MP: 37/37
 29253 | Vaults:3 | Found a flickering gateway to a bazaar.
 29263 | Bazaar   | Entered a bazaar
 29267 | Bazaar   | Found Ustoe's Weapon Boutique.
 29269 | Bazaar   | Found Goisyxta's Assorted Antiques.
 29280 | Bazaar   | Found Toetawnok's Antique Armour Shop.
 29285 | Bazaar   | Found Byutuzat's General Store.
 29315 | Bazaar   | Found Fauseirph's Antique Armour Shoppe.
 29339 | Bazaar   | Bought a scroll of magic mapping for 101 gold pieces
 29339 | Bazaar   | Bought a golden ring for 145 gold pieces
 29339 | Bazaar   | Bought a potion of agility for 116 gold pieces
 29780 | Vaults:3 | Found a staircase to the Crypt.
 30477 | Vaults:4 | Noticed Frederick
 30487 | Vaults:4 | Killed Frederick
 30487 | Vaults:4 | Reached skill level 1 in Charms
 30542 | Vaults:4 | Reached skill level 1 in Necromancy
 30978 | Vaults:4 | Found Tetemeo's Jewellery Shoppe.
 31070 | Vaults:4 | Reached skill level 10 in Shields
 31133 | Vaults:4 | Reached XP level 23. HP: 164/168 MP: 38/38
 31323 | Vaults:5 | Entered Level 5 of the Vaults
 31431 | Vaults:5 | Reached skill level 1 in Translocations
 31532 | Vaults:5 | Got a twitching jade ring
 31533 | Vaults:5 | Identified the ring of Brilliance {MP-9 Str+3 Int+6 SInv Stlth-} (You acquired it on level 5 of the Vaults)
 31612 | Vaults:5 | Got a sparkling lapis lazuli ring
 31615 | Vaults:5 | Identified the ring "Eclufas" {Wiz rF+} (You took it off a vault guard on level 5 of the Vaults)
 31758 | Vaults:5 | Found Qunauq's Armour Boutique.
 31759 | Vaults:5 | Noticed an ancient lich
 31768 | Vaults:5 | Learned a level 5 spell: Aura of Abjuration
 31777 | Vaults:5 | Killed an ancient lich
 31989 | Vaults:5 | Reached XP level 24. HP: 140/177 MP: 31/39
 32168 | Vaults:5 | Reached skill level 5 in Charms
 32247 | Vaults:5 | Got a silver rune of Zot
 32448 | Vaults:5 | Reached skill level 5 in Translocations
 32544 | Crypt:1  | Entered Level 1 of the Crypt
 33046 | Crypt:1  | Noticed Saint Roka
 33062 | Crypt:1  | Identified the -4 hat of the Leaf {rC+ Stlth+} (You acquired it on level 1 of the Crypt)
 33126 | Crypt:1  | Killed Saint Roka
 33281 | Crypt:2  | Reached skill level 1 in Summonings
 33452 | Crypt:2  | Noticed Mennas
 33459 | Crypt:2  | Killed Mennas
 33875 | Crypt:3  | Entered Level 3 of the Crypt
 34204 | Crypt:3  | Reached XP level 25. HP: 184/184 MP: 34/39
 34248 | Crypt:3  | Noticed an ancient lich
 34255 | Crypt:3  | Killed an ancient lich
 34573 | Crypt:3  | Got a transparent iron ring
 34574 | Crypt:3  | Identified the ring "Ubaopt" {rN+ Str-4 Int+8 Dex+3 SInv} (You found it on level 3 of the Crypt)
 34575 | Crypt:3  | Identified the ring "Leocudo" {rF+ rN+} (You found it on level 3 of the Crypt)
 34576 | Crypt:3  | Identified the ring of Scepticism {rN+ MR+ Dex+3} (You found it on level 3 of the Crypt)
 34784 | Crypt:3  | Found a staircase to the Tomb.
 34786 | Crypt:3  | Noticed an ancient lich
 34793 | Crypt:3  | Killed an ancient lich
 34796 | Crypt:3  | Noticed an ancient lich
 34801 | Crypt:3  | Killed an ancient lich
 34802 | Crypt:3  | Noticed an ancient lich
 34805 | Crypt:3  | Killed an ancient lich
 34822 | Crypt:3  | Learned a level 4 spell: Passage of Golubria
 34872 | Tomb:1   | Entered Level 1 of the Tomb of the Ancients
 35371 | Tomb:1   | Reached skill level 5 in Summonings
 35372 | Tomb:1   | Noticed a greater mummy
 35379 | Tomb:1   | Killed a greater mummy
 35480 | Tomb:2   | Noticed a greater mummy
 35481 | Tomb:2   | Noticed a greater mummy
 35481 | Tomb:2   | Noticed a greater mummy
 35525 | Tomb:2   | Noticed a greater mummy
 35576 | Tomb:1   | Killed a greater mummy
 35655 | Tomb:2   | Killed a greater mummy
 35655 | Tomb:2   | Reached XP level 26. HP: 193/193 MP: 36/40
 35663 | Tomb:2   | Killed a greater mummy
 35667 | Tomb:2   | Killed a greater mummy
 35959 | Tomb:1   | Noticed a greater mummy
 35959 | Tomb:1   | Noticed a greater mummy
 35962 | Tomb:1   | Noticed a greater mummy
 35963 | Tomb:1   | Killed a greater mummy
 35964 | Tomb:1   | Noticed a greater mummy
 35970 | Tomb:1   | Killed a greater mummy
 35971 | Tomb:1   | Noticed a greater mummy
 35981 | Tomb:1   | Killed a greater mummy
 35986 | Tomb:1   | Killed a greater mummy
 36056 | Tomb:1   | Killed a greater mummy
 36113 | Tomb:1   | Noticed a greater mummy
 36119 | Tomb:1   | Killed a greater mummy
 36142 | Tomb:1   | Noticed a greater mummy
 36146 | Tomb:1   | Noticed a greater mummy
 36149 | Tomb:1   | Killed a greater mummy
 36152 | Tomb:1   | Killed a greater mummy
 36179 | Tomb:1   | Noticed a greater mummy
 36179 | Tomb:1   | Noticed a greater mummy
 36181 | Tomb:1   | Noticed a greater mummy
 36181 | Tomb:1   | Killed a greater mummy
 36182 | Tomb:1   | Noticed a greater mummy
 36184 | Tomb:1   | Noticed a greater mummy
 36185 | Tomb:1   | Noticed a greater mummy
 36188 | Tomb:1   | Killed a greater mummy
 36190 | Tomb:1   | Noticed a greater mummy
 36192 | Tomb:1   | Killed a greater mummy
 36198 | Tomb:1   | Killed a greater mummy
 36205 | Tomb:1   | Killed a greater mummy
 36213 | Tomb:1   | Killed a greater mummy
 36217 | Tomb:1   | Killed a greater mummy
 36383 | Tomb:3   | Entered Level 3 of the Tomb of the Ancients
 36397 | Tomb:3   | Noticed a greater mummy
 36397 | Tomb:3   | Noticed a greater mummy
 36405 | Tomb:3   | Noticed a greater mummy
 36410 | Tomb:2   | Killed a greater mummy
 36466 | Tomb:3   | Noticed an ancient lich
 36470 | Tomb:3   | Killed a greater mummy
 36477 | Tomb:3   | Killed an ancient lich
 36477 | Tomb:3   | Reached XP level 27. HP: 176/201 MP: 35/40
 36480 | Tomb:3   | Killed a greater mummy
 36734 | Tomb:3   | Noticed a greater mummy
 36743 | Tomb:3   | Killed a greater mummy
 36793 | Tomb:3   | Noticed a greater mummy
 36800 | Tomb:3   | Killed a greater mummy
 36801 | Tomb:3   | Noticed a greater mummy
 36810 | Tomb:3   | Gained mutation: Your body sometimes deteriorates upon taking damage. [a neqoxec]
 36811 | Tomb:3   | Killed a greater mummy
 36811 | Tomb:3   | Reached skill level 15 in Dodging
 36834 | Tomb:3   | Got a golden rune of Zot
 36859 | Tomb:3   | Noticed a greater mummy
 36882 | Tomb:3   | Killed a greater mummy
 36889 | Tomb:3   | Identified the amulet "Dunisch Huru" {Harm *Corrode *Drain Str+4} (You found it on level 3 of the Tomb of the Ancients)
 36892 | Tomb:3   | Identified the Catalogue of Transmigration and the Arsonist
 36960 | Tomb:3   | Noticed a greater mummy
 36965 | Tomb:3   | Killed a greater mummy
 37917 | Orc:2    | Bought a potion of cancellation for 112 gold pieces
 37917 | Orc:2    | Bought a potion of agility for 56 gold pieces
 37917 | Orc:2    | Bought a potion of cure mutation for 350 gold pieces
 38167 | Slime:1  | Entered Level 1 of the Pits of Slime
 38275 | Slime:5  | Entered Level 5 of the Pits of Slime
 38289 | Slime:5  | Noticed the Royal Jelly
 38316 | Slime:5  | Killed the Royal Jelly
 38316 | Slime:5  | Reached skill level 15 in Shields
 38417 | Slime:5  | Identified the ring "Miucaq" {MR+ Int+2} (You found it on level 5 of the Pits of Slime)
 38423 | Slime:5  | Got a slimy rune of Zot
 38449 | Slime:5  | Identified Sorcery for Absolute Beginners
 38455 | Slime:5  | Identified the ring of Ethry {Fire rElec} (You found it on level 5 of the Pits of Slime)
 38742 | D:15     | Entered Level 15 of the Dungeon
 38959 | D:15     | Found a labyrinth entrance.
 38969 | D:15     | Found a shadowy altar of Dithmenos.
 38974 | Lab      | Entered a labyrinth
 39387 | D:15     | Noticed Azrael
 39397 | D:15     | Killed Azrael
 39678 | D:15     | Found a stormy altar of Qazlal.
 39772 | D:15     | Found a staircase to the Depths.
 39784 | Depths:1 | Entered Level 1 of the Depths
 39823 | Depths:1 | Learned a level 5 spell: Summon Mana Viper
 39860 | Depths:1 | Learned a level 6 spell: Deflect Missiles
 39892 | Depths:1 | Reached skill level 10 in Translocations
 39999 | Depths:1 | Reached skill level 1 in Air Magic
 40017 | Depths:1 | Found Heasmij's Magic Scroll Shop.
 40017 | Depths:1 | Found Xuits's Distillery.
 40020 | Depths:1 | Found Nigeijy's Armour Boutique.
 40023 | Depths:1 | Found Ruisoamm's Antique Weapon Shop.
 40026 | Depths:1 | Bought a scroll of magic mapping for 45 gold pieces
 40026 | Depths:1 | Bought a scroll of recharging for 123 gold pieces
 40026 | Depths:1 | Bought a scroll of identify for 26 gold pieces
 40026 | Depths:1 | Bought a scroll of identify for 26 gold pieces
 40026 | Depths:1 | Bought a scroll of identify for 26 gold pieces
 40026 | Depths:1 | Bought a scroll of identify for 26 gold pieces
 40026 | Depths:1 | Bought a scroll of identify for 26 gold pieces
 40032 | Depths:1 | Bought a potion of heal wounds for 110 gold pieces
 40032 | Depths:1 | Bought a potion of brilliance for 88 gold pieces
 40032 | Depths:1 | Bought a potion of agility for 88 gold pieces
 40032 | Depths:1 | Bought a potion of resistance for 220 gold pieces
 40032 | Depths:1 | Bought a potion of might for 88 gold pieces
 40032 | Depths:1 | Bought a potion of might for 88 gold pieces
 40032 | Depths:1 | Bought a potion of cure mutation for 550 gold pieces
 40032 | Depths:1 | Bought a potion of magic for 176 gold pieces
 40032 | Depths:1 | Bought a potion of brilliance for 88 gold pieces
 40100 | Depths:1 | Found a gateway to a ziggurat.
 40101 | Depths:1 | Paralysed by a floating eye for 3 turns
 40104 | Depths:1 | Paralysed by a floating eye for 3 turns
 40109 | Depths:1 | Paralysed by a floating eye for 2 turns
 40314 | Depths:1 | Found a gateway to Hell.
 40665 | Hell     | Entered the Vestibule of Hell
 40665 | Hell     | Noticed Geryon
 40711 | Hell     | Found a gateway to the freezing wastes of Cocytus.
 40743 | Hell     | Killed Geryon
 40783 | Hell     | Reached skill level 5 in Necromancy
 40892 | Hell     | Found a gateway to the ashen valley of Gehenna.
 40899 | Geh:1    | Entered Level 1 of Gehenna
 40899 | Geh:1    | Found a gateway to Hell.
 40951 | Geh:2    | Found a gateway to Hell.
 40962 | Geh:3    | Found a gateway to Hell.
 41146 | Geh:3    | Found a gateway to Hell.
 41149 | Geh:3    | Found a gateway to Hell.
 41253 | Geh:3    | Gained mutation: Your body often deteriorates upon taking damage. [mutagenic glow]
 41273 | Geh:3    | Gained mutation: Potions and wands are less effective at restoring your health. [mutagenic glow]
 41409 | Geh:4    | Found a gateway to Hell.
 41460 | Geh:5    | Found a gateway to Hell.
 41460 | Geh:5    | Found a gateway to Hell.
 41475 | Geh:5    | Found a gateway to Hell.
 41494 | Geh:5    | Reached skill level 5 in Air Magic
 41577 | Geh:6    | Found a gateway to Hell.
 41609 | Geh:7    | Entered Level 7 of Gehenna
 41609 | Geh:7    | Found a gateway to Hell.
 41609 | Geh:7    | Found a gateway to Hell.
 41609 | Geh:7    | Found a gateway to Hell.
 41690 | Geh:7    | Noticed the Serpent of Hell
 41697 | Geh:7    | Killed the Serpent of Hell
 41720 | Geh:7    | Reached skill level 15 in Spellcasting
 42133 | Geh:7    | Noticed Asmodeus
 42141 | Geh:7    | Killed Asmodeus
 42141 | Geh:7    | Reached skill level 10 in Necromancy
 42154 | Geh:7    | Got an obsidian rune of Zot
 42260 | Hell     | Found a gateway to the decaying netherworld of Tartarus.
 42269 | Tar:1    | Entered Level 1 of Tartarus
 42269 | Tar:1    | Found a gateway to Hell.
 42349 | Tar:2    | Found a gateway to Hell.
 42451 | Tar:3    | Found a gateway to Hell.
 42515 | Tar:4    | Found a gateway to Hell.
 42536 | Tar:5    | Found a gateway to Hell.
 42715 | Tar:6    | Found a gateway to Hell.
 42736 | Tar:7    | Entered Level 7 of Tartarus
 42998 | Tar:7    | Got a bone rune of Zot
 43141 | Tar:7    | Found a gateway to Hell.
 43146 | Tar:7    | Found a gateway to Hell.
 43146 | Tar:7    | Found a gateway to Hell.
 43186 | Coc:1    | Entered Level 1 of Cocytus
 43186 | Coc:1    | Found a gateway to Hell.
 43195 | Coc:2    | Found a gateway to Hell.
 43207 | Coc:3    | Found a gateway to Hell.
 43245 | Coc:3    | Found a gateway to Hell.
 43285 | Coc:4    | Found a gateway to Hell.
 43344 | Coc:4    | Found a gateway to Hell.
 43374 | Coc:5    | Found a gateway to Hell.
 43471 | Coc:6    | Found a gateway to Hell.
 43532 | Coc:7    | Entered Level 7 of Cocytus
 43532 | Coc:7    | Found a gateway to Hell.
 43532 | Coc:7    | Found a gateway to Hell.
 43532 | Coc:7    | Found a gateway to Hell.
 44126 | Coc:7    | Noticed Antaeus
 44266 | Coc:7    | Got an icy rune of Zot
 44279 | Coc:7    | Killed Antaeus
 44281 | Coc:7    | Got a bound bone amulet
 44342 | Hell     | Found a gateway to the Iron City of Dis.
 44347 | Dis:1    | Entered Level 1 of the Iron City of Dis
 44347 | Dis:1    | Found a gateway to Hell.
 44391 | Dis:1    | Reached skill level 10 in Air Magic
 44579 | Dis:2    | Found a gateway to Hell.
 44626 | Dis:3    | Found a gateway to Hell.
 44751 | Dis:4    | Found a gateway to Hell.
 44854 | Dis:5    | Found a gateway to Hell.
 44902 | Dis:6    | Found a gateway to Hell.
 45051 | Dis:6    | Found a gateway to Hell.
 45095 | Dis:7    | Entered Level 7 of the Iron City of Dis
 45095 | Dis:7    | Found a gateway to Hell.
 45558 | Dis:7    | Got a clouded amber ring
 45559 | Dis:7    | Identified the amulet of Hipp {Reflect rElec Dex+5 SH+5} (You took it off Antaeus on level 7 of Cocytus)
 45560 | Dis:7    | Identified the cursed ring of Vaesaf {rF+ rC+ MR- Dex-2} (You found it on level 7 of the Iron City of Dis)
 45662 | Dis:7    | Noticed Dispater
 45673 | Dis:7    | Killed Dispater
 45676 | Dis:7    | Got an iron rune of Zot
 46441 | Depths:3 | Found an iron altar of Okawaru.
 46476 | Depths:3 | Found a one-way gate leading to the halls of Pandemonium.
 46525 | Pan      | Entered Pandemonium
 46528 | Pan      | Gained mutation: Your magical capacity is low. (-10% MP) [a neqoxec]
 46819 | Pan      | Gained mutation: Your spells are a little easier to cast, but a little less powerful. [a neqoxec]
 46860 | Pan      | Found a runed door.
 46882 | Pan      | Noticed Tadael the pandemonium lord
 46897 | Pan      | Killed Tadael the pandemonium lord
 46942 | Pan      | Entered the realm of Mnoleg.
 46942 | Pan      | Found an exit through the horrors of the Abyss.
 46964 | Pan      | Lost mutation: Potions and wands are less effective at restoring your health. [a neqoxec]
 46966 | Pan      | Gained mutation: You possess an exceptional clarity of mind. [a neqoxec]
 47000 | Pan      | Gained mutation: You are weak. (Str -2) [a cacodemon]
 47012 | Pan      | Noticed Mnoleg
 47030 | Pan      | Killed Mnoleg
 47059 | Pan      | Reached skill level 15 in Translocations
 47060 | Pan      | Gained mutation: You are dopey. (Int -2) [a cacodemon]
 47119 | Pan      | Got a glowing rune of Zot
 47146 | Pan      | Lost mutation: You possess an exceptional clarity of mind. [a cacodemon]
 47194 | Pan      | Lost mutation: Your magical capacity is low. (-10% MP) [a neqoxec]
 47194 | Pan      | Gained mutation: Potions and wands are less effective at restoring your health. [a neqoxec]
 47195 | Pan      | Gained mutation: Your spells are easier to cast, but less powerful. [a neqoxec]
 47211 | Pan      | Lost mutation: Potions and wands are less effective at restoring your health. [potion of cure mutation]
 47211 | Pan      | Lost mutation: Your body often deteriorates upon taking damage. [potion of cure mutation]
 47211 | Pan      | Lost mutation: You are weak. (Str -2) [potion of cure mutation]
 47211 | Pan      | Lost mutation: Your body sometimes deteriorates upon taking damage. [potion of cure mutation]
 47212 | Pan      | Lost mutation: You are resistant to hostile enchantments. (MR+) [potion of cure mutation]
 47212 | Pan      | Lost mutation: You are dopey. (Int -2) [potion of cure mutation]
 47212 | Pan      | Lost mutation: Your flesh is cold resistant. (rC+) [potion of cure mutation]
 47212 | Pan      | Lost mutation: Your spells are easier to cast, but less powerful. [potion of cure mutation]
 47258 | Pan      | Gained mutation: You tend to lose your temper in combat. [a cacodemon]
 47261 | Pan      | Noticed Apneupri the pandemonium lord
 47265 | Pan      | Killed Apneupri the pandemonium lord
 47368 | Pan      | Lost mutation: You tend to lose your temper in combat. [potion of cure mutation]
 47368 | Pan      | Lost mutation: Your spells are a little easier to cast, but a little less powerful. [potion of cure mutation]
 47401 | Pan      | Noticed Allouwer the pandemonium lord
 47414 | Pan      | Killed Allouwer the pandemonium lord
 47418 | Pan      | Got a demonic rune of Zot
 47465 | Pan      | Gained mutation: Your body sometimes deteriorates upon taking damage. [a cacodemon]
 47551 | Pan      | Reached skill level 15 in Stealth
 47679 | Pan      | Noticed Ruczusur the pandemonium lord
 47689 | Pan      | Killed Ruczusur the pandemonium lord
 47925 | Pan      | Noticed Vaev the pandemonium lord
 48166 | Pan      | Found an exit through the horrors of the Abyss.
 48326 | Pan      | Found an exit through the horrors of the Abyss.
 48449 | Pan      | Noticed Tiwkaig the pandemonium lord
 48458 | Pan      | Killed Tiwkaig the pandemonium lord
 48494 | Pan      | Reached skill level 10 in Charms
 48613 | Pan      | Noticed Zerphiw the pandemonium lord
 48628 | Pan      | Killed Zerphiw the pandemonium lord
 48802 | Pan      | Found an exit through the horrors of the Abyss.
 49074 | Pan      | Entered the realm of Cerebov.
 49163 | Pan      | Noticed Cerebov
 49168 | Pan      | Identified the ring "Kossemea" {rN++ EV+4 Int+2} (You found it in Pandemonium)
 49199 | Pan      | Found an exit through the horrors of the Abyss.
 49254 | Pan      | Killed Cerebov
 49281 | Pan      | Identified the Grimoire of Glacial Translocation
 49285 | Pan      | Got a slimy ruby amulet
 49286 | Pan      | Identified the amulet "Fodaeguq" {Regen+ Stlth+} (You found it in Pandemonium)
 49332 | Pan      | Got a fiery rune of Zot
 49539 | Pan      | Noticed Fynnit Obal the pandemonium lord
 49548 | Pan      | Killed Fynnit Obal the pandemonium lord
 49707 | Pan      | Found a glowing silver altar of Zin.
 49915 | Pan      | Noticed a seraph
 49919 | Pan      | Killed a seraph
 49924 | Pan      | Found a glowing golden altar of the Shining One.
 49956 | Depths:3 | Escaped Pandemonium
 49958 | Pan      | Entered Pandemonium
 50098 | Pan      | Noticed Qaklunisk the pandemonium lord
 50103 | Pan      | Cast into level 3 of the Abyss (Qaklunisk)
 50176 | Abyss:3  | Found a corrupted altar of Lugonu.
 50519 | Abyss:3  | Gained mutation: You expend magic power (3 MP) to strengthen your wands. [a neqoxec]
 50522 | Abyss:3  | Lost mutation: You expend magic power (3 MP) to strengthen your wands. [potion of cure mutation]
 50781 | Abyss:4  | Paralysed by accursed screaming for 1 turns
 50857 | Abyss:4  | Paralysed by a floating eye for 2 turns
 50861 | Abyss:4  | Paralysed by a floating eye for 4 turns
 50867 | Abyss:4  | Got an abyssal rune of Zot
 50894 | Abyss:4  | Paralysed by accursed screaming for 1 turns
 51315 | Abyss:4  | Paralysed by accursed screaming for 2 turns
 51426 | Pan      | Escaped the Abyss
 51716 | Depths:3 | Escaped Pandemonium
 51718 | Pan      | Entered Pandemonium
 51732 | Pan      | Found an exit through the horrors of the Abyss.
 51843 | Pan      | Identified the amulet of Dawn {Reflect rN++ Dex+2 SH+4 Stlth-} (You found it in Pandemonium)
 51851 | Pan      | Entered the realm of Gloorx Vloq.
 51866 | Pan      | Found an exit through the horrors of the Abyss.
 51883 | Pan      | Noticed Gloorx Vloq
 51954 | Pan      | Killed Gloorx Vloq
 51959 | Pan      | Got a dark rune of Zot
 52103 | Pan      | Found an exit through the horrors of the Abyss.
 52106 | Pan      | Noticed Xidekluw the pandemonium lord
 52192 | Pan      | Gained mutation: You expend magic power (3 MP) to strengthen your wands. [a cacodemon]
 52202 | Pan      | Gained mutation: Scrolls take you a little longer to read. [a cacodemon]
 52205 | Pan      | Lost mutation: Scrolls take you a little longer to read. [potion of cure mutation]
 52205 | Pan      | Lost mutation: You expend magic power (3 MP) to strengthen your wands. [potion of cure mutation]
 52205 | Pan      | Lost mutation: Your body sometimes deteriorates upon taking damage. [potion of cure mutation]
 52268 | Pan      | Entered the realm of Lom Lobon.
 52411 | Pan      | Noticed Lom Lobon
 52421 | Pan      | Killed Lom Lobon
 52421 | Pan      | Reached skill level 27 in Unarmed Combat
 52438 | Pan      | Got a magical rune of Zot
 52470 | Depths:3 | Escaped Pandemonium
 52556 | Depths:4 | Found Ojizeiha's Antique Weapon Boutique.
 52558 | Depths:4 | Found Eshrifut's Food Shop.
 52560 | Depths:4 | Found Heitab's Antique Weapon Boutique.
 52590 | Depths:5 | Entered Level 5 of the Depths
 52718 | Depths:5 | Found a gate to the Realm of Zot.
 52727 | Zot:1    | Entered Level 1 of the Realm of Zot
 52853 | Zot:5    | Entered Level 5 of the Realm of Zot
 52950 | Zot:5    | Noticed an orb of fire
 52955 | Zot:5    | Killed an orb of fire
 52968 | Zot:5    | Noticed an ancient lich
 52976 | Zot:5    | Killed an ancient lich
 52996 | Zot:5    | Reached skill level 27 in Fighting
 53061 | Zot:5    | Noticed an orb of fire
 53069 | Zot:5    | Gained mutation: You have supernaturally acute eyesight. (SInv) [an orb of fire]
 53070 | Zot:5    | Killed an orb of fire
 53084 | Zot:5    | Got the Orb of Zot
 53499 | D:14     | Noticed Kamatenn the pandemonium lord
 53737 | D:3      | Noticed Puummit the pandemonium lord
 53741 | D:3      | Killed Puummit the pandemonium lord
 53798 | D:$      | Escaped with the Orb!

Skill      XL: |  1  2  3  4  5  6  7  8  9 10 11 12 13 14 15 16 17 18 19 20 21 22 23 24 25 26 27 |
---------------+----------------------------------------------------------------------------------+-----
Stealth        | 3 4 5 6 7 8 9 10 11 20 | 20.6
Unarmed Combat | 4 5 6 8 9 10 11 12 13 14 15 16 17 18 19 20 27 | 27.0
Fighting       | 4 5 6 8 9 10 11 12 13 14 15 16 17 18 19 27 | 27.0
Invocations    | 1 2 3 4 5 7 8 9 10 11 12 13 14 | 14.3
Dodging        | 4 5 6 7 8 9 10 11 12 13 14 21 | 21.2
Evocations     | 3 4 6 7 |  7.3
Shields        | 2 4 5 6 7 8 9 10 11 12 14 20 | 20.9
Earth Magic    | 3 8 11 12 13 14 | 14.8
Transmutations | 3 7 10 12 13 14 | 14.6
Spellcasting   | 1 5 7 8 9 10 11 12 13 19 | 19.8
Charms         | 2 4 5 14 | 14.6
Necromancy     | 1 13 | 13.1
Translocations | 4 5 7 8 18 | 18.4
Summonings     | 3 5 7 8 |  8.3
Air Magic      | 10 | 10.1

Action                   |  1- 3 |  4- 6 |  7- 9 | 10-12 | 13-15 | 16-18 | 19-21 | 22-24 | 25-27 || total
-------------------------+-------+-------+-------+-------+-------+-------+-------+-------+-------++-------
Melee: Unarmed           |    69 |   153 |   168 |   408 |   870 |   796 |   827 |   740 |  4502 ||  8533
       Constrict         |    19 |    36 |    38 |    68 |   133 |   183 |   144 |   118 |   658 ||  1397
       Tentacles         |     6 |    40 |    62 |   192 |   372 |   239 |   218 |   215 |  1125 ||  2469
       Punch             |     1 |     6 |    23 |    73 |   198 |   153 |   145 |   140 |   983 ||  1722
Throw: Throwing net      |       |       |       |       |       |       |       |       |     2 ||     2
 Cast: Regeneration      |       |       |       |       |    60 |    35 |    21 |    15 |   178 ||   309
       Repel Missiles    |       |       |       |       |     1 |     7 |    16 |     9 |     4 ||    37
       Statue Form       |       |       |       |       |       |    95 |   103 |    96 |   385 ||   679
       Lesser Beckoning  |       |       |       |       |       |     5 |     5 |     9 |   106 ||   125
       Summon Lightning  |       |       |       |       |       |     1 |       |       |     8 ||     9
       Aura of Abjuratio |       |       |       |       |       |       |       |     1 |    31 ||    32
       Apportation       |       |       |       |       |       |       |       |       |    54 ||    54
       Passage of Golubr |       |       |       |       |       |       |       |       |    36 ||    36
       Lee's Rapid Decon |       |       |       |       |       |       |       |       |    15 ||    15
       Deflect Missiles  |       |       |       |       |       |       |       |       |    14 ||    14
       Summon Mana Viper |       |       |       |       |       |       |       |       |    11 ||    11
       Blink             |       |       |       |       |       |       |       |       |     5 ||     5
       Passwall          |       |       |       |       |       |       |       |       |     4 ||     4
       Summon Butterflie |       |       |       |       |       |       |       |       |     4 ||     4
Invok: Slouch            |       |       |       |     2 |    23 |     5 |     9 |     2 |    38 ||    79
       Temporal Distorti |       |       |       |       |     7 |     8 |     7 |     3 |     8 ||    33
       Step From Time    |       |       |       |       |       |       |     1 |       |     1 ||     2
Evoke: Wand              |       |       |     4 |    31 |    58 |    13 |     3 |       |    48 ||   157
       Lamp of fire      |       |       |       |       |     3 |     2 |     2 |       |       ||     7
       Disc of storms    |       |       |       |       |       |       |     6 |       |       ||     6
       Phial of floods   |       |       |       |       |       |       |     1 |       |       ||     1
  Use: Scroll            |    10 |       |     6 |     6 |    16 |    14 |     5 |    14 |    63 ||   134
       Potion            |       |       |     1 |       |     7 |     5 |     1 |       |    27 ||    41
 Stab: Sleeping          |     5 |    15 |    12 |    26 |    18 |    16 |     9 |    10 |    28 ||   139
       Distracted        |       |       |     1 |     5 |     7 |     8 |     6 |     4 |    29 ||    60
       Paralysed         |       |       |       |     6 |    15 |     1 |       |       |       ||    22
       Petrified         |       |       |       |       |     6 |       |       |       |       ||     6
       Held in net/web   |       |       |       |       |       |       |       |       |     1 ||     1
  Eat: Chunk             |       |     5 |     5 |    10 |    16 |    41 |    28 |    14 |       ||   119
       Pizza             |       |       |       |       |     3 |       |       |       |     3 ||     6
       Beef jerky        |       |       |       |       |     2 |     2 |       |     7 |     9 ||    20
       Royal jelly       |       |       |       |       |     1 |       |     1 |     1 |     4 ||     7
       Fruit             |       |       |       |       |     2 |    10 |    24 |     7 |    11 ||    54
       Bread ration      |       |       |       |       |       |       |       |       |    12 ||    12
Armor: Skin              |     7 |    10 |     6 |    23 |    65 |   535 |   270 |   237 |  1409 ||  2562
Dodge: Dodged            |    49 |    88 |   155 |   291 |   736 |  1539 |  1039 |   765 |  7037 || 11699
       Deflected         |       |       |       |       |       |    27 |    42 |    36 |   164 ||   269
Block: Buckler           |       |       |       |    38 |   304 |   806 |   901 |   658 |   690 ||  3397
       Reflection        |       |       |       |       |       |    29 |   133 |    92 |   152 ||   406
       Shield            |       |       |       |       |       |       |       |       |  7931 ||  7931
